 Dungeon Crawl Stone Soup version 0.31-a0-145-g046c7d2549 (webtiles) character file.

Game seed: 7119460018471774622

620 Faragor the Chiller (level 7, -1/36 HPs)
             Began as a Deep Elf Ice Elementalist on June 5, 2023.
             Was an Initiate of Sif Muna.
             Shot with an arrow by a centaur (12 damage)
             ... on level 6 of the Dungeon.
             The game lasted 00:21:16 (6566 turns).

Faragor the Chiller (Deep Elf Ice Elementalist)     Turns: 6566, Time: 00:21:16

Health: -1/36      AC: 10    Str:  5    XL:     7   Next: 22%
Magic:  12/18      EV: 13    Int: 22    God:    Sif Muna [......]
Gold:   187        SH:  0    Dex: 15    Spells: 7/18 levels left

rFire   . . .        i - +1 flail (protect)
rCold   . . .        (no shield)
rNeg    . . .        a - +0 robe
rPois   .            (no helmet)
rElec   .            (no cloak)
rCorr   .            (no gloves)
SInv    +            y - +0 pair of boots
Will    .....        (no amulet)
Stlth   +++          d - ring of see invisible
HPRegen 0.26/turn    (no ring)
MPRegen 0.16/turn

%: no passive effects
@: ice-armoured, freezing walls
A: no striking features
a: Renounce Religion


You were on level 6 of the Dungeon.
You worshipped Sif Muna.
Sif Muna was noncommittal.
You visited 1 branch of the dungeon, and saw 6 of its levels.

You collected 187 gold pieces.

Inventory:

Hand Weapons
 c - a +0 short sword
 i - a +1 flail of protection (weapon)
 j - a +1 dagger of freezing
 n - a +1 mace of venom
 q - a +0 dagger of venom
 r - a +0 whip of freezing
Armour
 a - a +0 robe (worn)
 o - a +0 barding
 y - a +0 pair of boots (worn)
Magical Staves
 m - a staff of earth
Jewellery
 d - a ring of see invisible (left hand)
Wands
 b - a wand of iceblast (8)
Scrolls
 e - a scroll of enchant armour {unknown}
 h - 2 scrolls of identify {unknown}
 k - a scroll of vulnerability {unknown}
 l - a scroll of noise {unknown}
 s - a scroll of brand weapon {unknown}
 v - a scroll of silence
 w - a scroll of teleportation
 x - a scroll of magic mapping {unknown}
Potions
 f - a potion of attraction
 g - a potion of heal wounds
 p - a potion of curing
 t - a potion of cancellation {unknown}
 u - a potion of haste {unknown}
 z - a potion of magic


   Skills:
 - Level 3.8 Dodging
 + Level 6.0 Stealth
 + Level 6.3 Spellcasting
 + Level 6.4 Ice Magic


You had 7 spell levels left.
You knew the following spells:

 Your Spells              Type           Power      Damage    Failure   Level
a - Freeze                Ice            100%       1d10      1%          1
b - Frozen Ramparts       Ice            70%        1d11      1%          3
c - Ozocubu's Armour      Ice            35%        N/A       1%          3
d - Summon Ice Beast      Ice/Summ       21%        N/A       24%         4

Your spell library contained the following spells:

 Spells                   Type           Power      Damage    Failure   Level
 Ignite Poison            Fire/Tmut/Pois 6%         N/A       26%         3
 Anguish                  Hex/Necr       3%         N/A       65%         4
 Cause Fear               Hex            3%         N/A       65%         4
 Sticky Flame             Conj/Fire      6%         2d3       65%         4
 Enfeeble                 Hex            3%         N/A       100%        7
 Ignition                 Fire           3%         3d4       100%        8


Dungeon Overview and Level Annotations

Branches:
Dungeon (6/15)             Temple (0/1) D:5

Altars:
Sif Muna
Uskayaw
Yredelemnul
The Shining One

Annotations:
D:4 Blork the orc, Dowan, Duvessa


Message History

You start resting.
Magic restored.
Found a stone staircase leading down.
There is a stone staircase leading down here.
Found a stone staircase leading up.
z - a potion of magic You see here a +0 scale mail of fire resistance.
You open the door.
Found 3 stones.
The shadow imp lashes its tail.
There is an open door here.
Found 12 gold pieces.
Found a There-And-Back Book, 2 poisoned darts and 4 gold pieces.
Found a glaive.
The ogre shouts!
The hound barks!
The iguana hisses angrily.
You pick up an Everburning Encyclopedia and begin reading...
You add the spells Ignite Poison, Sticky Flame and Ignition to your library.
Okay, then.
Found 8 stones.
Found a buckler.
The adder hisses angrily.
The iguana hisses angrily. x2
A centaur comes into view.
Unknown command.
Casting: Freeze (safe; 1% risk of failure)
Confirm with . or Enter, or press ? or * to list all spells.
Casting: Frozen Ramparts (safe; 1% risk of failure)
Press: ? - help, Dir - look around, f - activate The walls around you are covered in ice.
The hound pauses to sniff the ground.
The centaur wields a +0 orcbow.
The centaur shoots an arrow.
The arrow barely misses you.
Casting: Frozen Ramparts (safe; 1% risk of failure)
Confirm with . or Enter, or press ? or * to list all spells.
A film of ice covers your body!
The centaur shoots an arrow.
The arrow hits you.
The centaur shoots an arrow.
The arrow hits you!
The shadow imp laughs crazily.
The centaur shoots an arrow.
The arrow hits you!
The centaur shoots an arrow.
The arrow closely misses you.
The centaur shoots an arrow.
The arrow hits you!
You die...

....# .## ...##..###
.........# #### ..c####..
#.. ..##[.##. ##.#######
#.#Sl.(+. #.....[..#
##+#.#fl).#. #..#####.#
##..@.##f.### #..#####.#
##......##+###
#.....##.###.....#####.+
#.##...#.##.....##hlW+###
..........'.....#OW...#.#
#........##.....#5....#..
#####..#####.^..#..$..#.#
#####..# ##...##...##.#
##.....# ##...#####.##


You could see an ogre, 2 phantoms, 2 sleepcaps, a centaur, 3 iguanas, a hound,
an adder and a shadow imp.

Vanquished Creatures
  A black bear (D:5)
  An ogre (D:5)
  A centaur (D:5)
  A gnoll bouda (D:5)
  2 orc priests (D:5)
  An iguana (D:6)
  3 orc wizards
  5 adders
  4 gnolls (D:5)
  2 ufetubi (D:6)
  2 dart slugs
  2 worms
  15 orcs
  6 ball pythons
  2 endoplasms
  A giant cockroach (D:3)
  7 goblins
  7 hobgoblins
  4 jackals
  6 kobolds
  2 quokkas
  3 rats
78 creatures vanquished.

Notes
Turn   | Place    | Note
-------+----------+-------------------------------------------
     0 | D:1      | Faragor the Deep Elf Ice Elementalist began the quest for
                  | the Orb.
     0 | D:1      | Reached XP level 1. HP: 10/10 MP: 6/6
  1376 | D:1      | Reached XP level 2. HP: 15/15 MP: 6/8
  3011 | D:2      | Reached XP level 3. HP: 19/19 MP: 7/10
  4090 | D:3      | Learned a level 3 spell: Frozen Ramparts
  4094 | D:3      | Learned a level 3 spell: Ozocubu's Armour
  4314 | D:3      | Found a glowing golden altar of the Shining One.
  4337 | D:3      | Found a hide-covered altar of Uskayaw.
  4367 | D:3      | Reached XP level 4. HP: 24/24 MP: 2/11
  4617 | D:3      | Reached skill level 5 in Ice Magic
  5033 | D:3      | Found a shimmering blue altar of Sif Muna.
  5037 | D:3      | Became a worshipper of Sif Muna the Loreminder
  5048 | D:3      | Found a basalt altar of Yredelemnul.
  5058 | D:3      | Learned a level 4 spell: Summon Ice Beast
  5119 | D:4      | Reached XP level 5. HP: 28/28 MP: 9/13
  5293 | D:4      | Noticed Dowan
  5294 | D:4      | Noticed Blork the orc
  5296 | D:4      | Noticed Duvessa
  5308 | D:5      | Entered Level 5 of the Dungeon
  5308 | D:5      | Found a staircase to the Ecumenical Temple.
  5413 | D:5      | Noticed a centaur
  5416 | D:5      | Noticed a black bear
  5418 | D:5      | Noticed an ogre
  5419 | D:5      | Killed a centaur
  5420 | D:5      | Reached skill level 5 in Spellcasting
  5420 | D:5      | Reached XP level 6. HP: 31/32 MP: 10/15
  5426 | D:5      | Reached skill level 5 in Stealth
  5434 | D:5      | Reached XP level 7. HP: 26/36 MP: 4/18
  5677 | D:5      | Identified the +4 ring mail of Absence {-Tele rElec rN+++
                  | MP-9}
  6566 | D:6      | Shot with an arrow by a centaur

Illustrated notes

Levels and vault maps discovered:
D:1:      moated_graveyard_arrival, layout_basic, minmay_misc_feat_roman
D:2:      layout_basic, serial_forest, infiniplex_forest_lined_3,
          infiniplex_forest_clump_small, infiniplex_forest_clump_diagonal,
          infiniplex_forest_lined_2, infiniplex_forest_lined_2,
          infiniplex_forest_pool, infiniplex_forest_clump_diagonal,
          infiniplex_forest_clump_curved, minmay_tromino_v2
D:3:      layout_basic, nicolae_overflow_quartered_altars
D:4:      layout_cave_pools, uniq_blork_the_orc, uniq_duvessa
D:5:      layout_basic, minmay_temple_entry_water_ring
D:6:      layout_loops_corners, serial_shops, shop, minmay_joined_circles

Skill      XL: |  1  2  3  4  5  6  7 |
---------------+----------------------+-----
Stealth        | 3 4 5 6 |  6.0
Dodging        | 3 |  3.8
Spellcasting   | 4 5 6 |  6.3
Ice Magic      | 5 6 |  6.4

Action                     |  1- 3 |  4- 6 |  7- 9 || total
---------------------------+-------+-------+-------++-------
  Melee: Unarmed           |     4 |       |       ||     4
         Short sword       |     1 |       |       ||     1
         Flail             |       |     6 |     2 ||     8
   Cast: Freeze            |    58 |    43 |    11 ||   112
         Frozen Ramparts   |     2 |     9 |     2 ||    13
         Ozocubu's Armour  |     1 |     3 |     1 ||     5
    Use: Potion            |     3 |     1 |       ||     4
         Scroll            |     3 |       |       ||     3
 Armour: Robe              |     3 |     7 |     2 ||    12
  Dodge: Dodged            |    28 |    24 |    17 ||    69

Table legend: (Time is in decaauts)
 A = Elapsed time spent in this place.
 B = Non-inter-level travel time spent in this place.
 C = Inter-level travel time spent in this place.
 D = Time resting spent in this place.
 E = Time spent auto-exploring this place.
 F = Levels seen in this place.
 G = Mean time per level.
                   A        B        C        D        E       F      G
               +--------+--------+--------+--------+--------+-----+--------+
         Total |   6570 |   6464 |    106 |   3043 |   2721 |   6 | 1095.0 |
       Dungeon |   6570 |   6464 |    106 |   3043 |   2721 |   6 | 1095.0 |
               +--------+--------+--------+--------+--------+-----+--------+

Top non-repeatable levels by time:
     D:1: 2589 daAuts
     D:2: 1258 daAuts
     D:3: 1228 daAuts
     D:5: 953 daAuts
     D:6: 308 daAuts
     D:4: 232 daAuts
